 Dungeon Crawl Stone Soup version 0.30-a0-860-g512cf1e979 (webtiles) character file.

Game seed: 9580007533150534875

17967 browni3141 the Basher (level 12, -7/70 HPs)
             Began as a Kobold Artificer on Mar 7, 2023.
             Was an Initiate of Uskayaw.
             Mangled by a death yak (21 damage)
             ... on level 1 of the Lair of Beasts.
             The game lasted 00:30:53 (15577 turns).

browni3141 the Basher (Kobold Artificer)           Turns: 15577, Time: 00:30:53

Health: -7/70      AC: 10    Str: 11    XL:     12   Next: 89%
Magic:  15/27      EV: 18    Int:  7    God:    Uskayaw [......]
Gold:   499        SH:  5    Dex: 21    Spells: 11/11 levels left

rFire   . . .      SeeInvis .    e - +7 eveningstar of Hepliaklqana {freeze, MP+9 Str+2 Int-5}
rCold   + . .      Faith    .    R - +0 buckler of Oblivion {rC+ rCorr}
rNeg    . . .      Spirit   .    M - +0 troll leather armour
rPois   +          Reflect  .    S - +1 helmet
rElec   .          Rampage  .    (no cloak)
rCorr   +                        i - +2 pair of gloves
Will    .....                    E - +0 pair of boots
Stlth   ++++++                   B - amulet of the acrobat
HPRegen 1.11/turn                m - ring of poison resistance
MPRegen 0.20/turn                (no ring)

@: no status effects
A: small, no large weapons, nightstalker 3
a: Renounce Religion


You were on level 1 of the Lair of Beasts.
You worshipped Uskayaw.
Uskayaw was aware of your devotion.
You visited 3 branches of the dungeon, and saw 13 of its levels.
You also visited: Ossuary and Bailey.

You collected 607 gold pieces.
You spent 108 gold pieces at shops.

Inventory:

Hand Weapons
 a - a +0 club
 e - the +7 eveningstar of Hepliaklqana (weapon) {freeze, MP+9 Str+2 Int-5}
   (You acquired it on level 7 of the Dungeon)

   Str:       It affects your strength (+2).
   Int:       It affects your intelligence (-5).
   MP:        It affects your magic capacity (+9).
 f - a +0 mace
 D - a +1 whip of electrocution
Missiles
 u - 8 throwing nets
 N - 4 poisoned darts
Armour
 b - a +0 leather armour
 c - a +0 helmet
 i - a +2 pair of gloves (worn)
 E - a +0 pair of boots (worn)
 F - +0 steam dragon scales
 M - a +0 troll leather armour (worn)
 R - the +0 buckler of Oblivion (worn) {rC+ rCorr}
   (You acquired it on level 1 of the Lair of Beasts)

   rC:        It protects you from cold.
   rCorr:     It protects you from acid and corrosion.
 S - a +1 helmet (worn)
Jewellery
 m - a ring of poison resistance (left hand)
 A - an amulet of guardian spirit
 B - an amulet of the acrobat (around neck)
 G - a +6 ring of intelligence
 I - an amulet of faith
 L - a ring of flight
Wands
 d - a wand of charming (5)
 O - a wand of mindburst (8)
 P - a wand of digging (5)
Scrolls
 g - 3 scrolls of magic mapping
 k - 3 scrolls of fog
 n - 5 scrolls of amnesia
 p - 2 scrolls of identify
 q - a scroll of teleportation
 w - a scroll of enchant armour
 y - 2 scrolls of vulnerability
 z - a scroll of fear {unknown}
 J - a scroll of enchant weapon
Potions
 h - 5 potions of lignification
 j - 2 potions of cancellation {unknown}
 l - 2 potions of resistance {unknown}
 o - a potion of flight {unknown}
 r - 4 potions of curing
 s - a potion of invisibility {unknown}
 t - 2 potions of brilliance {unknown}
 v - 2 potions of berserk rage
 x - 4 potions of attraction {unknown}
 C - 3 potions of ambrosia {unknown}
 H - a potion of haste {unknown}
 K - 4 potions of mutation {unknown}
 Q - a potion of might {unknown}


   Skills:
 + Level 6.1 Fighting
 + Level 12.9 Maces & Flails
 - Level 3.0 Armour
 + Level 7.2 Dodging
 - Level 10.0 Stealth
 * Level 0.9 Shields
 + Level 9.2 Invocations
 - Level 6.0 Evocations


You had 11 spell levels left.
You didn't know any spells.
Your spell library contained the following spells:

 Spells                   Type           Power      Damage    Failure   Level
 Kiss of Death            Conj/Necr      0%         2d5       67%         1
 Magic Dart               Conj           0%         1d3       67%         1
 Searing Ray              Conj           0%         2d4       82%         2
 Sublimation of Blood     Necr           0%         N/A       82%         2
 Wereblood                Tmut           0%         N/A       82%         2
 Confusing Touch          Hex            0%         N/A       96%         3
 Anguish                  Hex/Necr       0%         N/A       100%        4
 Dispel Undead            Necr           0%         3d6       100%        4
 Fulminant Prism          Conj/Hex       0%         3d5       100%        4
 Enfeeble                 Hex            0%         N/A       100%        7
 Summon Hydra             Summ           0%         N/A       100%        7


Dungeon Overview and Level Annotations

Branches:
Dungeon (11/15)            Temple (1/1) D:5            Lair (1/5) D:10
    Orc (0/2) D:11        Ossuary (visited)          Bailey (visited)

Altars:
Ashenzari
Cheibriados
Dithmenos
Elyvilon
Fedhas
Gozag
Hepliaklqana
Kikubaaqudgha
Makhleb
Nemelex Xobeh
Okawaru
Qazlal
Ru
Sif Muna
Trog
Uskayaw
Vehumet
Wu Jian
Xom
Yredelemnul
Zin
The Shining One

Shops:
D:3 !

Annotations:
D:9 3 runed translucent doors, exclusions: 2 doors and two-headed ogre
D:11 3 runed translucent doors, exclusions: boulder beetle and 1 more exclusion


Innate Abilities, Weirdness & Mutations

You are small and have problems with some larger weapons.
You are completely attuned to the shadows.


Message History

Unknown command.
You barely miss the death yak.
The death yak is moderately wounded.
The death yak gores your yak!
Your yak dies!
The death yak barely misses you.
Unknown command.
Aiming: Line Pass
Press: ? - help, Dir - move target The death yak appears confused. x2
Unknown command.
You catch the helpless death yak completely off-guard!
You hit the death yak but do no damage.
The death yak is moderately wounded.
The death yak seems less confused. x2
You barely miss the death yak.
The death yak is moderately wounded.
The death yak misses you. The death yak gores you!!
You can no longer pass through a line of other dancers.
You stomp with the beat, sending a shockwave through the revellers around you!
The death yak is heavily wounded.
The death yak is moderately wounded.
You can no longer stomp with the beat.
The death yak gores you. The death yak misses you.
You can now stomp with the beat.
Unknown command.
You stomp with the beat, sending a shockwave through the revellers around you!
The death yak is severely wounded.
The death yak is heavily wounded.
You can no longer stomp with the beat.
The death yak gores you! The death yak gores you.
You can now stomp with the beat.
Unknown command.
You stomp with the beat, sending a shockwave through the revellers around you!
The death yak is severely wounded. x2
You can no longer stomp with the beat.
The death yak gores you!!
* * * LOW HITPOINT WARNING * * *
The death yak gores you!!
You die...

≈≈≈ ##........♣....... ....
#.†..†.................
####.....................
.....................[...
.........................
.###.....................
#...........†.........
#.........♣...........
######....@................
#........YY................
#...............♣..........
#........#.#...###♣♣♣......
#######........####..# #......^
...............# #...## #......
...............####...# #..#.##
................###..#####.####
...........................#


You could see 2 death yaks.

Vanquished Creatures
  A death yak (Lair:1)
  A deep elf pyromancer (D:8)
  Joseph (D:10)
  A black mamba (Lair:1)
  5 cane toads (Lair:1)
  A gargoyle (D:11)
  2 trolls
  A polar bear (Lair:1)
  2 wraiths
  A vampire (D:11)
  22 yaks
  3 vampire mosquitoes (D:10)
  A steam dragon (D:4)
  3 acid dragons
  4 water moccasins
  6 orc warriors
  A sky beast (D:8)
  3 ice beasts
  4 ogres
  29 wolves (Lair:1)
  6 centaurs
  11 kobold brigands
  5 phantoms
  An elf zombie (Ossuary)
  6 bullfrogs
  2 gnoll sergeants (D:11)
  2 scorpions
  9 killer bees
  A howler monkey (D:6)
  A crimson imp (D:9)
  2 centaur zombies (Ossuary)
  4 orc priests
  2 gnoll boudas
  A hound (D:6)
  3 iguanas
  11 orc wizards
  2 mummies (Ossuary)
  19 gnolls
  8 adders
  A shadow imp (D:5)
  A white imp (D:5)
  An ufetubus (D:5)
  A worm (D:3)
  2 dart slugs
  27 orcs
  15 endoplasms
  4 giant cockroaches
  12 goblins
  6 hobgoblins
  15 jackals
  5 quokkas
  3 ball pythons
  4 bats
  6 frilled lizards
  A goblin zombie (Ossuary)
  6 hobgoblin zombies (Ossuary)
  2 jackal zombies (Ossuary)
  35 kobolds
  9 kobold zombies (Ossuary)
  4 orc zombies (Ossuary)
  4 rats
  2 rat zombies (Ossuary)
  A bush (D:8)
355 creatures vanquished.

Vanquished Creatures (collateral kills)
  Gastronok (D:11)
  A yak (D:8)
  A steam dragon (D:8)
  2 ogres (Bailey)
  A centaur (D:8)
  A killer bee (D:8)
7 creatures vanquished.

Vanquished Creatures (others)
  4 yaks
  An orc warrior (D:11)
  An orc wizard (D:7)
  A gnoll (D:7)
  A goblin (D:4)
  7 fungi (Lair:1)
  10 plants (Lair:1)
25 creatures vanquished.

Grand Total: 387 creatures vanquished

Notes
Turn   | Place    | Note
-------+----------+-------------------------------------------
     0 | D:1      | browni3141 the Kobold Artificer began the quest for the
                  | Orb.
     0 | D:1      | Reached XP level 1. HP: 12/12 MP: 1/1
    54 | D:1      | You fall into a shaft and drop 1 floor!
   182 | D:2      | Reached skill level 1 in Armour
   182 | D:2      | Reached XP level 2. HP: 16/16 MP: 2/2
   382 | D:2      | Reached XP level 3. HP: 15/20 MP: 3/3
   839 | D:1      | Reached skill level 1 in Maces & Flails
   995 | D:1      | Reached XP level 4. HP: 24/26 MP: 4/4
  2206 | D:3      | Reached XP level 5. HP: 22/30 MP: 5/5
  2246 | D:3      | Reached skill level 2 in Maces & Flails
  2461 | D:3      | Found Jiraucu's Distillery.
  2470 | D:3      | Bought a potion of curing for 36 gold pieces
  2470 | D:3      | Bought a potion of berserk rage for 60 gold pieces
  3136 | D:3      | Bought a potion of degeneration for 12 gold pieces
  3234 | D:4      | Noticed a steam dragon
  3236 | D:4      | Killed a steam dragon
  3237 | D:4      | Reached skill level 3 in Maces & Flails
  3237 | D:4      | Reached XP level 6. HP: 36/36 MP: 6/6
  3691 | D:4      | Reached XP level 7. HP: 41/41 MP: 7/7
  5216 | D:5      | Entered Level 5 of the Dungeon
  5283 | D:5      | Reached skill level 4 in Maces & Flails
  5283 | D:5      | Reached skill level 5 in Evocations
  5650 | D:5      | Reached skill level 5 in Stealth
  5650 | D:5      | Reached XP level 8. HP: 48/48 MP: 8/8
  6261 | D:5      | Found a staircase to the Ecumenical Temple.
  6287 | Temple   | Entered the Ecumenical Temple
  6613 | Temple   | Became a worshipper of Uskayaw the Reveller
  6742 | D:5      | Reached * piety under Uskayaw
  6892 | D:5      | Reached ** piety under Uskayaw
  6995 | D:6      | Found a shadowy altar of Dithmenos.
  7148 | D:6      | Reached skill level 1 in Invocations
  7351 | D:6      | Reached XP level 9. HP: 35/52 MP: 10/10
  7417 | D:6      | Found a burning altar of Makhleb.
  7471 | D:6      | Found a white marble altar of Elyvilon.
  7487 | D:6      | Reached skill level 5 in Dodging
  7881 | D:7      | Identified a scroll of acquirement
  7910 | D:7      | Found a sand-covered staircase.
  7918 | Ossuary  | Entered an ossuary
  8036 | Ossuary  | Reached skill level 5 in Invocations
  8077 | Ossuary  | Reached *** piety under Uskayaw
  8111 | Ossuary  | Reached **** piety under Uskayaw
  8312 | D:7      | Found a flagged portal.
  8385 | Bailey   | Entered a bailey
  8703 | D:7      | Reached XP level 10. HP: 14/56 MP: 16/16
  9470 | D:7      | Acquired the +7 eveningstar of Hepliaklqana {freeze, MP+9
                  | Str+2 Int-5}
  9681 | D:8      | Noticed a deep elf pyromancer
  9693 | D:8      | Reached skill level 5 in Maces & Flails
  9718 | D:8      | Killed a deep elf pyromancer
  9829 | D:8      | Reached skill level 6 in Maces & Flails
  9972 | D:8      | Reached skill level 7 in Maces & Flails
 11090 | D:9      | Noticed a two-headed ogre
 11137 | D:9      | Found a shimmering altar of Xom.
 11198 | D:9      | Found a runed translucent gate.
 11199 | D:9      | Found a runed translucent gate.
 11550 | D:9      | Reached skill level 8 in Maces & Flails
 11613 | D:9      | Found a runed translucent gate.
 11881 | D:9      | Found an opulent altar of Gozag.
 11881 | D:9      | Noticed a centaur warrior
 12005 | D:9      | Noticed a cyclops
 12005 | D:9      | Noticed a wizard
 12023 | D:10     | Entered Level 10 of the Dungeon
 12075 | D:10     | Reached XP level 11. HP: 26/61 MP: 17/17
 12216 | D:10     | Noticed Joseph
 12225 | D:10     | Killed Joseph
 12226 | D:10     | Reached skill level 9 in Maces & Flails
 12445 | D:10     | Found an iron altar of Okawaru.
 12445 | D:10     | Found a bloodstained altar of Trog.
 12588 | D:10     | Reached skill level 10 in Maces & Flails
 12772 | D:10     | Found a staircase to the Lair.
 13339 | D:11     | Noticed Gastronok
 13351 | D:11     | Killed Gastronok
 13352 | D:11     | Reached skill level 11 in Maces & Flails
 13452 | D:11     | Found a runed translucent gate.
 13453 | D:11     | Found a runed translucent gate.
 13454 | D:11     | Found a runed translucent gate.
 13492 | D:11     | Reached ***** piety under Uskayaw
 13640 | D:11     | Noticed a boulder beetle
 14050 | D:11     | Found a staircase to the Orcish Mines.
 14070 | D:11     | Reached ****** piety under Uskayaw
 14071 | D:11     | Reached skill level 12 in Maces & Flails
 14291 | Lair:1   | Entered Level 1 of the Lair of Beasts
 14298 | Lair:1   | Reached XP level 12. HP: 58/66 MP: 18/18
 14476 | Lair:1   | Reached skill level 10 in Stealth
 14484 | Lair:1   | HP: 1/67 [wolf (6)]
 14485 | Lair:1   | Noticed a death yak
 14485 | Lair:1   | Noticed a death yak
 14634 | Lair:1   | Reached skill level 5 in Fighting
 15358 | Lair:1   | Noticed a death yak
 15372 | Lair:1   | HP: 1/70 [death yak (11)]
 15549 | Lair:1   | Acquired the +0 buckler of Oblivion {rC+ rCorr}
 15568 | Lair:1   | Killed a death yak
 15577 | Lair:1   | Mangled by a death yak

Illustrated notes

Levels and vault maps discovered:
D:1:      dpeg_arrival_castle, layout_basic
D:2:      layout_rooms
D:3:      layout_basic, serial_shops, shop, grunt_decor_cap,
          roderic_cross_of_infinity, chequers_decorated_corner,
          minmay_misc_feat_rows
D:4:      kennysheep_the_goblin_king, layout_basic, grunt_ministairs_2,
          minmay_misc_feat_chi
D:5:      layout_cave_pods, minmay_temple_entry_wispy
D:6:      layout_cave_pools, grunt_dithmenos_smoke, elyvilon_altar_5,
          mainiacjoe_overflow_alcove_1
D:7:      layout_loops_ring, enter_bailey_6, nicolae_ossuary_entry_ruins,
          kennysheep_minor_cross
D:8:      layout_rooms, nicolae_wwwww, minmay_misc_feat_room,
          kb_lookout_dungeons_type
D:9:      layout_irregular_city, led_xom_imps, ebering_ghost_gozag
D:10:     layout_roguey, grunt_temple_overflow_bloody_war, lair_entry_dummy,
          uniq_joseph
D:11:     layout_long_grid, kennysheep_orc_monster_closet_entryway,
          gammafunk_ghost_icy, uniq_gastronok
Temple:   minmay_temple_bridge_d
Lair:1:   lemuel_reptile_caves, layout_small_grid, grunt_forest_large_clearings

Skill      XL: |  1  2  3  4  5  6  7  8  9 10 11 12 |
---------------+-------------------------------------+-----
Armour         | 1 2 3 |  3.0
Stealth        | 2 3 4 5 7 8 9 10 | 10.0
Evocations     | 4 5 6 |  6.0
Maces & Flails | 1 3 4 8 12 | 12.9
Dodging        | 3 4 5 7 |  7.2
Fighting       | 2 3 4 6 |  6.1
Invocations    | 2 8 9 |  9.2
Shields        | |  0.9

Action                     |  1- 3 |  4- 6 |  7- 9 | 10-12 || total
---------------------------+-------+-------+-------+-------++-------
  Melee: Mace              |    88 |   185 |       |       ||   273
         Club              |     2 |       |       |       ||     2
         Punch             |     1 |     2 |     8 |     4 ||    15
         Whip              |       |    13 |   438 |    24 ||   475
         Eveningstar       |       |       |       |   396 ||   396
 Invoke: Stomp             |       |       |     5 |    44 ||    49
         Line Pass         |       |       |     1 |     8 ||     9
         Grand Finale      |       |       |       |     1 ||     1
  Evoke: Wand              |     3 |     8 |     9 |    21 ||    41
    Use: Scroll            |       |     1 |    11 |     4 ||    16
         Potion            |       |       |     1 |     6 ||     7
   Stab: Sleeping          |     6 |    19 |    19 |    25 ||    69
         Distracted        |       |       |     2 |     6 ||     8
         Paralysed         |       |       |     9 |    23 ||    32
         Confused          |       |       |       |     2 ||     2
 Armour: Leather armour    |    42 |    62 |    10 |       ||   114
         Steam dragon scal |       |       |   143 |    51 ||   194
         Skin              |       |       |       |    21 ||    21
         Troll leather arm |       |       |       |    51 ||    51
  Dodge: Dodged            |   110 |   177 |   424 |   494 ||  1205

Table legend: (Time is in decaauts)
 A = Elapsed time spent in this place.
 B = Non-inter-level travel time spent in this place.
 C = Inter-level travel time spent in this place.
 D = Time resting spent in this place.
 E = Time spent auto-exploring this place.
 F = Levels seen in this place.
 G = Mean time per level.
                   A        B        C        D        E       F      G
               +--------+--------+--------+--------+--------+-----+--------+
         Total |  15646 |  15047 |    599 |   1224 |  10885 |  15 | 1043.1 |
       Dungeon |  13696 |  13256 |    440 |   1001 |   9967 |  11 | 1245.1 |
        Temple |    401 |    255 |    146 |      0 |    239 |   1 |  401.0 |
          Lair |   1266 |   1254 |     12 |    223 |    666 |   1 | 1266.0 |
       Ossuary |    213 |    213 |      0 |      0 |      0 |   1 |  213.0 |
        Bailey |     68 |     68 |      0 |      0 |     12 |   1 |   68.0 |
               +--------+--------+--------+--------+--------+-----+--------+

Top non-repeatable levels by time:
     D:4: 2040 daAuts
     D:7: 1407 daAuts
     D:1: 1320 daAuts
     D:5: 1304 daAuts
  Lair:1: 1266 daAuts
     D:9: 1265 daAuts
     D:3: 1185 daAuts
    D:10: 1167 daAuts
     D:8: 1152 daAuts
    D:11: 1109 daAuts
     D:6: 934 daAuts
     D:2: 809 daAuts
  Temple: 401 daAuts
 Ossuary: 213 daAuts
  Bailey: 68 daAuts
